 Dungeon Crawl Stone Soup version 0.30-a0-1075-gcd70e7a56d (webtiles) character file.

Game seed: 12989742418420363504

18776 Maxmaps the Protected (level 12, -5/100 HPs)
             Began as a Demonspawn Monk on Apr 15, 2023.
             Was an Initiate of Gozag.
             Slain by a hell knight
             ... wielding a +0 broad axe of flaming
              (10 damage)
             ... in a volcano.
             The game lasted 00:26:21 (16452 turns).

Maxmaps the Protected (Demonspawn Monk)            Turns: 16452, Time: 00:26:22

Health: -5/100     AC: 24    Str: 13    XL:     12   Next: 30%
Magic:  21/21      EV:  7    Int: 15    God:    Gozag
Gold:   393        SH:  0    Dex: 16    Spells: 11/11 levels left

rFire   . . .      SeeInvis +    z - +5 hand axe of Soft Courage {freeze, rC+ rN+ rCorr SInv}
rCold   + . .      Faith    .    c - orb {light}
rNeg    + . .      Spirit   .    t - +1 plate armour
rPois   .          Reflect  .    q - +0 helmet
rElec   .          Rampage  .    n - scarf {repulsion}
rCorr   +                        (no gloves)
Will    .....                    e - +0 pair of boots Stlth
                                 d - amulet of regeneration
HPRegen 1.16/turn                m - ring of magical power
MPRegen 0.17/turn                f - +4 ring of protection

@: confused, ambrosia-drunk, gold aura, glowing, repel missiles
A: large bone plates 2, demonic guardian 2, foul stench 2
a: Renounce Religion, Potion Petition, Call Merchant, Bribe Branch


You were in a volcano.
You worshipped Gozag.
Gozag was aware of your devotion.
You visited 3 branches of the dungeon, and saw 13 of its levels.
You also visited: Volcano.

You collected 2400 gold pieces.
You spent 364 gold pieces at shops.
You paid 1643 gold pieces to Gozag.

Inventory:

Hand Weapons
 w - a +0 war axe of electrocution
 z - the +5 hand axe of Soft Courage (weapon) {freeze, rC+ rN+ rCorr SInv}
   (You found it on level 3 of the Dungeon)

   rC:        It protects you from cold.
   rN:        It protects you from negative energy.
   SInv:      It lets you see invisible.
   rCorr:     It protects you from acid and corrosion.
 K - a +0 scimitar of flaming
Missiles
 x - 3 throwing nets (quivered)
Armour
 c - an orb of light (worn)
 e - a +0 pair of boots (worn)
 n - a scarf of repulsion (worn)
 q - a +0 helmet (worn)
 t - a +1 plate armour (worn)
Jewellery
 d - an amulet of regeneration (around neck)
 f - a +4 ring of protection (right hand)
 m - a ring of magical power (left hand)
 A - a ring of ice
Wands
 o - a wand of paralysis (9)
Scrolls
 g - 5 scrolls of fear
 k - 3 scrolls of enchant armour
 v - 2 scrolls of teleportation
 B - a scroll of torment
 C - 3 scrolls of amnesia
 F - a scroll of fog
 H - a scroll of brand weapon
 I - 3 scrolls of vulnerability {unknown}
Potions
 a - 3 potions of mutation
 b - 2 potions of curing
 h - 2 potions of haste
 i - 3 potions of attraction
 j - 2 potions of lignification
 l - 2 potions of might
 p - 2 potions of brilliance
 r - 2 potions of flight
 s - 2 potions of magic
 u - 4 potions of resistance
 D - 2 potions of cancellation
 G - a potion of berserk rage
Miscellaneous
 J - a lightning rod (4/4)


   Skills:
 + Level 11.5 Fighting
 - Level 13.2 Armour
 - Level 9.2 Dodging
 - Level 1.7 Stealth
 - Level 2.6 Unarmed Combat


You had 11 spell levels left.
You didn't know any spells.
Your spell library contained the following spells:

 Spells                   Type           Power      Damage    Failure   Level
 Beastly Appendage        Tmut           0%         N/A       100%        1
 Foxfire                  Conj/Fire      0%         2x1d4     100%        1
 Wereblood                Tmut           0%         N/A       100%        2
 Frozen Ramparts          Ice            0%         1d1       100%        3
 Gell's Gravitas          Tloc           0%         N/A       100%        3
 Spider Form              Tmut/Pois      0%         N/A       100%        3
 Teleport Other           Tloc           0%         N/A       100%        3
 Volatile Blastmotes      Fire/Tloc      0%         2d10      100%        3
 Anguish                  Hex/Necr       0%         N/A       100%        4
 Cause Fear               Hex            0%         N/A       100%        4
 Fulminant Prism          Conj/Hex       0%         3d5       100%        4
 Ice Form                 Ice/Tmut       0%         N/A       100%        4
 Iskenderun's Mystic Bla  Conj/Tloc      0%         2d3       100%        4
 Summon Ice Beast         Ice/Summ       0%         N/A       100%        4
 Fireball                 Conj/Fire      0%         3d3       100%        5
 Lee's Rapid Deconstruct  Erth           0%         3d4*      100%        5
 Dispersal                Tloc           0%         N/A       100%        6
 Plasma Beam              Fire/Air       0%         2x1d11    100%        6
 Starburst                Conj/Fire      0%         6d3       100%        6
 Enfeeble                 Hex            0%         N/A       100%        7


Dungeon Overview and Level Annotations

Branches:
Dungeon (10/15)            Temple (1/1) D:7            Lair (2/5) D:9
 Spider (0/4) Lair:2          Orc (0/2) D:10        Volcano (1/1)
  Swamp: Lair:2-3    Shoals: Lair:2-3

Altars:
Ashenzari
Cheibriados
Dithmenos
Fedhas
Gozag
Hepliaklqana
Kikubaaqudgha
Makhleb
Nemelex Xobeh
Okawaru
Qazlal
Ru
Sif Muna
Trog
Uskayaw
Vehumet
Wu Jian
Xom
Yredelemnul

Shops:
D:2 !   D:5 [   D:9 [=

Portals:
Trove: D:10 (give +3 shadow dragon scales)


Innate Abilities, Weirdness & Mutations

You are mostly covered in large bone plates. (SH +6)
A demonic guardian rushes to your aid.
You sometimes emit foul miasma when damaged in melee.


Message History

You hit the two-headed ogre. You freeze the two-headed ogre.
You kill the two-headed ogre!
You hit the two-headed ogre but do no damage.
You hit the hell knight. You freeze the hell knight.
In the distance, the volcano erupts with a roar.
The two-headed ogre is no longer moving slowly.
The hell knight hits you with a +0 broad axe of flaming.
The hell knight burns you.
The hell knight hits you but does no damage.
You slash the hell knight! You freeze the hell knight.
The hell knight is lightly wounded.
You hit the two-headed ogre. You freeze the two-headed ogre.
The hell knight hits you with a +0 broad axe of flaming!
The hell knight burns you.
The two-headed ogre hits you with a +0 giant club of flaming!
* * * LOW HITPOINT WARNING * * *
The two-headed ogre burns you.
* * * LOW HITPOINT WARNING * * *
A demonic guardian appears!
You emit a cloud of foul miasma!
The two-headed ogre hits you but does no damage.
The hell knight is distracted by your dazzling golden aura.
The hell knight shouts!
You are confused.
You feel invigorated.
The two-headed ogre is engulfed in dark miasma.
The two-headed ogre looks even sicker.
The two-headed ogre seems to slow down.
The two-headed ogre hits you with a +0 giant club of flaming.
* * * LOW HITPOINT WARNING * * *
The two-headed ogre burns you.
* * * LOW HITPOINT WARNING * * *
The two-headed ogre hits you but does no damage.
Your rust devil hits the hell knight!
Your rust devil corrodes the hell knight!
The two-headed ogre is no longer moving slowly.
The hell knight is no longer distracted by gold.
The hell knight hits you with a +0 broad axe of flaming!!
* * * LOW HITPOINT WARNING * * *
The hell knight burns you!
You die...
Your body crumbles into a pile of gold.

#8...8#
#.....#
#.....#
#8...8#
#.....#
#.....#
#8.4.8#
##O$p##
##@##
###


You could see a hell knight (fast, corroded, ally target), a two-headed ogre
(very poisoned) and a friendly rust devil (summoned).

Vanquished Creatures
  A two-headed ogre (Volcano)
  Lodul (D:10)
  2 gargoyles (D:10)
  Joseph (D:7)
  The ghost of BlasphemerAmon the Conjurer, a novice DsRe of Cheibriados (D:7)
  An unseen horror (D:7)
  A komodo dragon (D:9)
  2 rime drakes (Lair:2)
  2 trolls
  Grinder (D:3)
  A hornet (D:10)
  2 wyverns
  A wraith (D:10)
  16 yaks
  A redback (Lair:2)
  A steam dragon (D:7)
  3 wargs (D:10)
  8 water moccasins
  2 floating eyes (D:10)
  3 black bears
  4 orc warriors
  3 sky beasts
  2 ice beasts
  9 ogres
  3 wolves (D:10)
  5 centaurs
  A phantom (D:5)
  3 kobold brigands
  12 bullfrogs
  A gnoll sergeant (D:9)
  6 scorpions
  2 wights (D:8)
  10 killer bees
  6 howler monkeys
  2 hounds (D:5)
  4 orc priests
  4 iguanas
  3 sleepcaps
  9 orc wizards
  7 adders
  9 gnolls
  A shadow imp (D:5)
  5 white imps
  An ufetubus (D:7)
  3 worms
  2 dart slugs
  33 orcs
  4 endoplasms
  5 giant cockroaches
  7 goblins
  7 hobgoblins
  4 jackals (D:5)
  22 kobolds
  4 quokkas
  9 ball pythons
  5 bats
  2 frilled lizards
  6 rats
276 creatures vanquished.

Vanquished Creatures (collateral kills)
  A vault guard (D:10)
  Erica (Lair:2)
  A gargoyle (D:10)
  A komodo dragon (Lair:1)
  A troll (D:10)
  Sigmund (D:3)
  A wyvern (D:10)
  4 yaks
  Eustachio (D:4)
  Grum (D:10)
  2 vampire mosquitoes (D:10)
  An acid dragon (D:10)
  A water moccasin (D:8)
  A black bear (D:7)
  2 ice beasts (D:7)
  4 ogres
  A wolf (D:10)
  A centaur (D:8)
  2 kobold brigands (D:7)
  A scorpion (D:9)
  An orc priest (D:5)
  An iguana (D:7)
  2 gnolls (D:2)
  A worm (D:5)
  A ball python (D:2)
  A giant cockroach (D:2)
  A goblin (D:3)
  A kobold (D:7)
38 creatures vanquished.

Vanquished Creatures (others)
  50 fungi
  49 plants
99 creatures vanquished.

Grand Total: 413 creatures vanquished

Notes
Turn   | Place    | Note
-------+----------+-------------------------------------------
     0 | D:1      | Maxmaps the Demonspawn Monk began the quest for the Orb.
     0 | D:1      | Reached XP level 1. HP: 18/18 MP: 1/1
   127 | D:1      | Gained mutation: A weak demonic guardian rushes to your
                  | aid. [demonic ancestry]
   127 | D:1      | Reached XP level 2. HP: 24/24 MP: 2/2
   920 | D:2      | Gained mutation: A demonic guardian rushes to your aid.
                  | [demonic ancestry]
   920 | D:2      | Reached XP level 3. HP: 24/30 MP: 3/3
  1529 | D:2      | Reached skill level 5 in Fighting
  1529 | D:2      | Gained mutation: You are partially covered in large bone
                  | plates. (SH +4) [demonic ancestry]
  1529 | D:2      | Reached XP level 4. HP: 19/39 MP: 4/4
  1657 | D:2      | Found Cur Beix's Distillery.
  1680 | D:2      | Bought a potion of curing for 39 gold pieces
  2089 | D:3      | Noticed Sigmund
  2122 | D:3      | Killed Sigmund
  2123 | D:3      | Gained mutation: You may rarely emit foul miasma when
                  | damaged in melee. [demonic ancestry]
  2123 | D:3      | Reached XP level 5. HP: 39/47 MP: 5/5
  2123 | D:3      | Reached XP level 6. HP: 44/53 MP: 6/6
  2155 | D:3      | Identified the +5 hand axe of Soft Courage {freeze, rC+ rN+
                  | rCorr SInv}
  2213 | D:3      | Noticed Grinder
  2227 | D:3      | Paralysed by Grinder for 2 turns
  2239 | D:3      | Killed Grinder
  2950 | D:4      | Reached XP level 7. HP: 35/61 MP: 7/7
  3473 | D:4      | Noticed Eustachio
  3480 | D:4      | Killed Eustachio
  4001 | D:5      | Entered Level 5 of the Dungeon
  4031 | D:5      | Found Oneozimm's Armour Shop.
  4043 | D:5      | Found an iron altar of Okawaru.
  4045 | D:5      | Found an ornate altar of the Wu Jian Council.
  4226 | D:5      | Gained mutation: You are mostly covered in large bone
                  | plates. (SH +6) [demonic ancestry]
  4226 | D:5      | Reached XP level 8. HP: 70/72 MP: 8/8
  4302 | D:5      | Reached skill level 10 in Fighting
  4535 | D:5      | Reached skill level 1 in Armour
  4644 | D:5      | Reached skill level 2 in Armour
  4849 | D:5      | Reached skill level 3 in Armour
  5096 | D:6      | Reached skill level 4 in Armour
  5609 | D:6      | Reached skill level 5 in Armour
  5918 | D:7      | Noticed an unseen horror
  5936 | D:7      | Killed an unseen horror
  5937 | D:7      | Reached skill level 6 in Armour
  5937 | D:7      | Gained mutation: You sometimes emit foul miasma when
                  | damaged in melee. [demonic ancestry]
  5937 | D:7      | Reached XP level 9. HP: 46/78 MP: 9/9
  6236 | D:7      | Reached skill level 7 in Armour
  6809 | D:7      | Found a staircase to the Ecumenical Temple.
  6845 | Temple   | Entered the Ecumenical Temple
  7019 | Temple   | Became a worshipper of Gozag Ym Sagoz the Greedy
  7077 | D:7      | Noticed Joseph
  7091 | D:7      | Killed Joseph
  7092 | D:7      | Reached skill level 8 in Armour
  7273 | D:7      | Reached skill level 9 in Armour
  7288 | D:7      | Reached XP level 10. HP: 35/85 MP: 10/10
  7568 | D:7      | Found a runed translucent door.
  7573 | D:7      | Noticed BlasphemerAmon's ghost (novice DsRe)
  7598 | D:7      | Killed BlasphemerAmon's ghost
  7599 | D:7      | Reached skill level 10 in Armour
  8894 | D:8      | Reached skill level 11 in Armour
  9304 | D:8      | Identified the +0 scale mail of Elitism {Regen+ SInv}
 10050 | D:9      | Found a basalt altar of Yredelemnul.
 10375 | D:2      | Bought a potion of haste for 130 gold pieces
 10375 | D:2      | Bought a potion of heal wounds for 65 gold pieces
 10375 | D:2      | Bought a potion of heal wounds for 65 gold pieces
 10375 | D:2      | Bought a potion of berserk rage for 65 gold pieces
 10584 | D:9      | Reached skill level 12 in Armour
 10621 | D:8      | HP: 4/85 [poisoned by a water moccasin]
 10887 | D:9      | Reached XP level 11. HP: 32/91 MP: 11/11
 11127 | D:9      | Found a staircase to the Lair.
 11258 | D:9      | You fall into a shaft and drop 1 floor!
 11258 | D:10     | Entered Level 10 of the Dungeon
 11260 | D:10     | Found a shimmering altar of Xom.
 11275 | D:10     | Paralysed by a hornet for 3 turns
 11278 | D:10     | Reached skill level 13 in Armour
 11824 | D:9      | Found a broken altar of Ashenzari.
 12035 | D:10     | Noticed Grum
 12043 | D:10     | Killed Grum
 12149 | D:10     | Paralysed by a floating eye for 4 turns
 12178 | D:10     | Reached skill level 5 in Dodging
 12593 | D:10     | Noticed Lodul
 13521 | D:10     | Killed Lodul
 13834 | D:10     | Found a shadowy altar of Dithmenos.
 14205 | D:10     | Noticed a vault guard
 14214 | D:10     | Killed a vault guard
 14303 | D:10     | Found a portal to a secret trove of treasure.
 14433 | D:10     | Found a staircase to the Orcish Mines.
 14769 | Lair:1   | Entered Level 1 of the Lair of Beasts
 14784 | D:9      | Reached XP level 12. HP: 52/97 MP: 12/12
 15893 | Lair:2   | Noticed a five-headed hydra
 15973 | Lair:2   | Found a hole to the Spider Nest.
 16024 | Lair:2   | Noticed Erica
 16042 | Lair:2   | Killed Erica
 16066 | Lair:2   | Found a dark tunnel.
 16242 | Volcano  | Entered a volcano
 16292 | Volcano  | Noticed an ogre mage
 16319 | Volcano  | Found a radiant altar of Vehumet.
 16417 | Volcano  | Noticed a two-headed ogre
 16419 | Volcano  | Noticed a two-headed ogre
 16419 | Volcano  | Noticed a two-headed ogre
 16449 | Volcano  | Killed a two-headed ogre
 16452 | Volcano  | HP: 5/100 [hell knight/+0 broad axe of flaming (21)]
 16452 | Volcano  | Slain by a hell knight

Illustrated notes

Levels and vault maps discovered:
D:1:      tekkud_arrival_beachfront_property, layout_loops_ring
D:2:      layout_loops_cross, serial_shops, shop, serial_aquarium,
          aquarium_bridge_straight [aquarium_subvault_bridge,
          aquarium_subvault_window, aquarium_subvault_bridge,
          aquarium_subvault_window], aquarium_window_2, aquarium_window_1,
          aquarium_window_1, aquarium_window_corner, aquarium_view_2f,
          aquarium_pool_2
D:3:      layout_basic, uniq_grinder, uniq_sigmund
D:4:      layout_basic, uniq_eustachio
D:5:      layout_basic, mainiacjoe_overflow_catwalk_spiral, serial_shops, shop
D:6:      layout_cave_pods, hangedman_decor_peaks_small
D:7:      layout_loops_ring, minmay_temple_entry_junction_2,
          ebering_ghost_reflecting_pool, dk_noncrumbling_4,
          minmay_joined_circles, uniq_joseph
D:8:      layout_cave_pods, minmay_misc_feat_rows, kennysheep_generic_room_6
D:9:      layout_roguey, mainiacjoe_overflow_concentric_impassable,
          kennysheep_mini, due_lair_maze_entry_diamond,
          hangedman_abyss_or_decor_stagger
D:10:     layout_irregular_city, mainiacjoe_overflow_swirl,
          minmay_orc_entry_guard_dogs, enter_trove_5, onia_ninara_cookie,
          uniq_grum, uniq_lodul
Temple:   nicolae_temple_slightly_damp_pantheon
Lair:1:   layout_chaotic_city, infiniplex_staircase_pool
Lair:2:   layout_cave_pods, spider_nest_entry_webs, enter_volcano_4,
          grunt_megastairs_1, uniq_erica
Volcano:  kennysheep_volcano_temple

Skill      XL: |  1  2  3  4  5  6  7  8  9 10 11 12 |
---------------+-------------------------------------+-----
Fighting       | 4 5 6 8 9 10 11 | 11.5
Armour         | 6 9 12 13 | 13.2
Dodging        | 8 9 |  9.2
Stealth        | |  1.7
Unarmed Combat | |  2.6

Action                     |  1- 3 |  4- 6 |  7- 9 | 10-12 || total
---------------------------+-------+-------+-------+-------++-------
  Melee: Unarmed           |    88 |       |       |       ||    88
         Dagger            |    38 |     4 |       |       ||    42
         Halberd           |       |    47 |       |       ||    47
         Hand axe          |       |    39 |   310 |   489 ||   838
 Invoke: Potion Petition   |       |       |       |     2 ||     2
         Call Merchant     |       |       |       |     2 ||     2
  Evoke: Wand              |       |       |       |     1 ||     1
    Use: Potion            |       |     4 |     2 |     9 ||    15
         Scroll            |       |    11 |     3 |    11 ||    25
   Stab: Distracted        |       |       |       |     6 ||     6
 Armour: Ring mail         |    16 |       |       |       ||    16
         Scale mail        |    29 |    48 |    12 |       ||    89
         Chain mail        |       |       |    57 |       ||    57
         Plate armour      |       |       |   159 |   441 ||   600
  Dodge: Dodged            |    70 |    37 |    96 |   159 ||   362
         Repelled          |       |       |     1 |     6 ||     7
  Block: Other             |       |     8 |       |       ||     8
         Orb               |       |    11 |   103 |   202 ||   316

Table legend: (Time is in decaauts)
 A = Elapsed time spent in this place.
 B = Non-inter-level travel time spent in this place.
 C = Inter-level travel time spent in this place.
 D = Time resting spent in this place.
 E = Time spent auto-exploring this place.
 F = Levels seen in this place.
 G = Mean time per level.
                   A        B        C        D        E       F      G
               +--------+--------+--------+--------+--------+-----+--------+
         Total |  16772 |  15511 |   1261 |   3546 |   9101 |  14 | 1198.0 |
       Dungeon |  15021 |  13897 |   1124 |   3330 |   8054 |  10 | 1502.1 |
        Temple |    193 |    171 |     22 |      0 |    149 |   1 |  193.0 |
          Lair |   1344 |   1230 |    114 |    171 |    849 |   2 |  672.0 |
       Volcano |    212 |    212 |      0 |     45 |     49 |   1 |  212.0 |
               +--------+--------+--------+--------+--------+-----+--------+

Top non-repeatable levels by time:
    D:10: 2319 daAuts
     D:7: 2133 daAuts
     D:9: 2072 daAuts
     D:8: 2052 daAuts
     D:5: 1263 daAuts
     D:4: 1233 daAuts
     D:2: 1141 daAuts
     D:3: 1109 daAuts
  Lair:1: 1032 daAuts
     D:6: 956 daAuts
     D:1: 738 daAuts
  Lair:2: 311 daAuts
 Volcano: 212 daAuts
  Temple: 193 daAuts
